 Dungeon Crawl Stone Soup version 0.20.1-1-g8b1a95d (webtiles) character file.

445 RKaid the Stinger (level 7, -2/46 HPs)
             Began as a Formicid Venom Mage on Aug 2, 2017.
             Was a Follower of Elyvilon.
             Shot with an arrow by a centaur (8 damage)
             ... on level 6 of the Dungeon.
             The game lasted 00:21:18 (7331 turns).

RKaid the Stinger (Formicid Venom Mage)             Turns: 7331, Time: 00:21:18

Health: -2/46      AC:  3    Str: 13    XL:     7   Next: 24%
Magic:  10/13      EV: 12    Int: 16    God:    Elyvilon [*.....]
Gold:   280        SH:  0    Dex: 11    Spells: 4/14 levels left

rFire    + . .     SeeInvis +   a - +1 mace (protect)
rCold    . . .     Gourm    .   (no shield)
rNeg     . . .     Faith    .   t - +0 robe
rPois    +         Spirit   .   (helmet unavailable)
rElec    +         Reflect  .   (no cloak)
rCorr    .         Harm     .   n - +0 pair of gloves "Zureo" {rElec rF+} (curse)
MR       .....                  (no boots)
Stlth    ++........             (no amulet)
Regen    0.2/turn               E - ring of wizardry {Wiz+}
MPRegen  0.2/turn               H - ring of poison resistance (curse) {rPois}

@: protection
A: permanent stasis, dig shafts and tunnels, four strong arms, antennae 3
a: Dig, Shaft Self, Lesser Healing, Divine Protection, Renounce Religion


You were on level 6 of the Dungeon.
You worshipped Elyvilon.
Elyvilon was aware of your devotion.
You were not hungry.

You visited 2 branches of the dungeon, and saw 7 of its levels.

You collected 280 gold pieces.

Inventory:

Hand Weapons
 a - a +1 mace of protection (weapon)
   (You found it on level 4 of the Dungeon)
 b - a +0 hand axe
   (You found it on level 2 of the Dungeon)
 f - a +0 war axe of flaming
   (You found it on level 4 of the Dungeon)
 w - a +0 morningstar
   (You took it off an orc on level 4 of the Dungeon)
Missiles
 q - 59 stones (quivered)
 x - 39 sling bullets
Armour
 n - the cursed +0 pair of gloves "Zureo" (worn) {rElec rF+}
   (You found it on level 5 of the Dungeon)

   It protects you from fire.
   It insulates you from electricity.
   It has a curse placed upon it.
 t - a +0 robe (worn)
Jewellery
 E - a ring of wizardry (left hand) {Wiz+}
   (You found it on level 3 of the Dungeon)
 G - a +2 amulet of reflection {unknown}
   (You found it on level 5 of the Dungeon)
 H - a cursed ring of poison resistance (right hand) {rPois}
   (You found it on level 5 of the Dungeon)
Wands
 A - a wand of acid (8/15)
   (You found it on level 4 of the Dungeon)
Scrolls
 g - a scroll of enchant weapon {unknown}
 h - a scroll of fear {unknown}
 j - a scroll of teleportation {unknown}
 k - a scroll of enchant armour {unknown}
 m - 2 scrolls of amnesia
 o - a scroll of remove curse
 s - 2 scrolls of magic mapping {!r}
 C - a scroll of fog {unknown}
 F - a scroll of recharging {unknown}
Potions
 d - a potion of berserk rage {unknown}
 e - a potion of haste {unknown}
 l - 2 potions of brilliance
 p - 2 potions of ambrosia
 r - a potion of flight {unknown}
 v - 3 potions of curing {unknown}
 z - a potion of lignification {unknown}
 D - a potion of degeneration {unknown}
Books
 y - a Young Poisoner's Handbook
Comestibles
 c - 4 bread rations
 i - 2 royal jellies
 u - 2 fruits
 B - 4 meat rations


   Skills:
 * Level 2.8 Maces & Flails
 - Level 1.7 Dodging
 - Level 2.4 Stealth
 + Level 4.2 Spellcasting
 - Level 3.0 Conjurations
 + Level 6.4 Poison Magic
 + Level 0.0 Invocations


You had 4 spell levels left.
You knew the following spells:

 Your Spells              Type           Power        Failure   Level  Hunger
a - Sting                 Conj/Pois      ###.         1%          1    None
b - Poisonous Vapours     Pois/Air       ##....       2%          2    ##.....
c - Mephitic Cloud        Conj/Pois/Air  ##......     6%          3    ###....
d - Olgreb's Toxic Radia  Pois           ###.....     4%          4    ####...


Dungeon Overview and Level Annotations

Branches:
Dungeon (6/15)             Temple (1/1) D:4

Altars:
Ashenzari
Cheibriados
Dithmenos
Elyvilon
Fedhas
Gozag
Hepliaklqana
Kikubaaqudgha
Makhleb
Nemelex Xobeh
Okawaru
Qazlal
Ru
Sif Muna
Trog
Uskayaw
Vehumet
Xom
Yredelemnul
Zin
The Shining One


Innate Abilities, Weirdness & Mutations

You cannot be hasted, slowed, berserked, paralysed or teleported.
You can dig through walls and to a lower floor.
Your four strong arms can wield two-handed weapons with a shield.
You have a pair of large antennae on your head. (SInv)


Message History

You hit the gnoll. The gnoll hits you but does no damage.
The gnoll hits you with a halberd.
Casting: Sting
Confirm with . or Enter, or press ? or * to list all spells.
Aiming: Sting
Press: ? - help, Shift-Dir - straight line, f/p - gnoll
Aim: a gnoll, wielding a halberd (heavily wounded)
The sting hits the gnoll.
Casting: Sting
Confirm with . or Enter, or press ? or * to list all spells.
Aiming: Sting
Press: ? - help, Shift-Dir - straight line, f/p - gnoll
Aim: a gnoll, wielding a halberd (almost dead)
The sting hits the gnoll.
The gnoll is poisoned.
You kill the gnoll!
You see here a halberd.
You start resting.
Eating one of 2 chunks of flesh.
You eat one of the 2 chunks of flesh.
This raw flesh tastes terrible.
All of the chunks of flesh in your inventory have rotted away.
There is an open door here.
Things that are here:
a club; a gnoll skeleton You see here a club.
There is an open door here.
You see here a whip.
There is an open door here.
There is an open door here.
Found a stone staircase leading up.
Found a bread ration and 14 bolts.
Found an escape hatch in the ceiling.
You see here a whip.
You see here 14 bolts.
c - 4 bread rations (gained 1)
There is a stone staircase leading up here.
You open the door.
There is an open door here.
Done exploring.
There is an open door here.
There is an open door here.
There is an open door here.
There is a stone staircase leading down here.
You climb downwards.
You can now provide lesser healing for yourself.
You can now call on Elyvilon to save your life.
There is a stone staircase leading up here.
You sense a monster nearby.
Okay, then.
Okay, then.
Okay, then.
Found a stone staircase leading down.
A centaur comes into view.
The centaur shouts!
Casting: Sting
Confirm with . or Enter, or press ? or * to list all spells.
Aiming: Sting
Press: ? - help, Shift-Dir - straight line, f - centaur
Aim: a centaur The sting hits the centaur.
The centaur appears unharmed.
The centaur wields a shortbow.
The centaur shoots an arrow.
The arrow closely misses you.
You extend your mandibles.
You dig through the rock wall.
The centaur shoots an arrow.
The arrow hits you!
You dig through the rock wall.
You start resting.
Casting: Sting
Confirm with . or Enter, or press ? or * to list all spells.
Aiming: Poisonous Vapours
Press: ? - help, Dir - move target cursor, f/p - centaur
Aim: a centaur, wielding a shortbow Poisonous vapours surround the centaur!
The centaur is engulfed in poison gas.
The centaur is poisoned.
The centaur unwields an uncursed shortbow.
The centaur hits you!
You retract your mandibles.
You closely miss the centaur. The centaur hits you.
The centaur closely misses you.
You barely miss the centaur. The centaur closely misses you. x2
Casting: Poisonous Vapours
Confirm with . or Enter, or press ? or * to list all spells.
Aiming: Sting
Press: ? - help, Shift-Dir - straight line, f/p - centaur
Aim: a centaur (moderately wounded, poisoned)
The sting hits the centaur.
The centaur appears unharmed.
The centaur hits you. The centaur misses you.
You hit the centaur.
Your weapon exudes an aura of protection.
The centaur closely misses you. x2
You are healed.
You feel somewhat more hungry. The centaur closely misses you.
You hit the centaur.
The centaur looks more healthy.
The centaur hits you but does no damage.
The centaur hits you.
* * * LOW HITPOINT WARNING * * *
The centaur hits you!
* * * LOW HITPOINT WARNING * * *
Okay, then.
You beseech Elyvilon to protect your life.
The centaur misses you.
The centaur hits you but does no damage.
The centaur wields an uncursed shortbow.
The centaur shoots an arrow.
The arrow hits you!
You die...

..# .....#######
..c........#
##.....###.#.#
.>.. #.##.###
##.######.....#
........c.....##
#.#..............
#.#@##......###
.. #.##......## #
#.#.........
#.#.......###
#.........#
###.......###
..####..........
..............#
...####..<....#


You could see a centaur.

Vanquished Creatures
  A gnoll sergeant (D:5)
  A howler monkey (D:5)
  A jelly (D:4)
  An orc wizard (D:4)
  2 hounds (D:4)
  A worker ant (D:4)
  6 gnolls
  6 adders
  An ooze (D:3)
  An adder zombie (D:5)
  An adder skeleton (D:4)
  2 worms
  A dart slug (D:4)
  4 leopard geckos
  6 orcs
  A ball python (D:5)
  4 giant cockroaches
  7 hobgoblins
  A jackal (D:3)
  4 kobolds
  2 quokkas
  7 bats
  4 frilled lizards (D:1)
  10 goblins
  A leopard gecko skeleton (D:5)
  A quokka skeleton (D:4)
  6 rats
83 creatures vanquished.

Notes
Turn   | Place    | Note
-------+----------+-------------------------------------------
     0 | D:1      | RKaid the Formicid Venom Mage began the quest for the Orb.
     0 | D:1      | Reached XP level 1. HP: 13/13 MP: 3/3
    51 | D:1      | Reached skill level 1 in Conjurations
   620 | D:1      | Reached XP level 2. HP: 19/19 MP: 0/5
   984 | D:1      | Reached XP level 3. HP: 24/24 MP: 0/6
  1785 | D:2      | Reached skill level 2 in Conjurations
  2245 | D:2      | Reached XP level 4. HP: 30/30 MP: 4/8
  2312 | D:2      | Found a sparkling altar of Nemelex Xobeh.
  2662 | D:3      | Learned a level 2 spell: Poisonous Vapours
  2666 | D:3      | Learned a level 3 spell: Mephitic Cloud
  2741 | D:3      | Reached skill level 3 in Spellcasting
  3609 | D:3      | Reached skill level 5 in Poison Magic
  3980 | D:4      | Reached XP level 5. HP: 35/35 MP: 9/9
  4163 | D:4      | HP: 6/35 [acid (7)]
  4705 | D:4      | Learned a level 4 spell: Olgreb's Toxic Radiance
  4709 | D:4      | Reached skill level 3 in Conjurations
  4748 | D:4      | Found a staircase to the Ecumenical Temple.
  4754 | Temple   | Entered the Ecumenical Temple
  5017 | Temple   | Became a worshipper of Elyvilon the Healer
  5110 | D:4      | Reached XP level 6. HP: 41/41 MP: 8/11
  5437 | D:4      | HP: 7/41 [acid (7)]
  5856 | D:4      | Reached skill level 1 in Maces & Flails
  6281 | D:4      | Reached skill level 6 in Poison Magic
  6313 | D:5      | Entered Level 5 of the Dungeon
  6342 | D:5      | Got a pair of smoking gloves
  6354 | D:5      | Identified the cursed +0 pair of gloves "Zureo" {rElec rF+} (You found it on level 5 of the Dungeon)
  6700 | D:5      | Reached skill level 2 in Maces & Flails
  6914 | D:5      | Reached skill level 4 in Spellcasting
  6916 | D:5      | Reached XP level 7. HP: 25/46 MP: 3/13
  7296 | D:6      | Reached * piety under Elyvilon
  7327 | D:6      | HP: 5/46 [centaur (8)]
  7331 | D:6      | Shot with an arrow by a centaur

Skill      XL: |  1  2  3  4  5  6 |
---------------+-------------------+-----
Conjurations   | 1 2 3 |  3.0
Spellcasting   | 3 4 |  4.2
Poison Magic   | 5 6 |  6.4
Maces & Flails | 2 |  2.8
Dodging        | |  1.7
Stealth        | |  2.4

Action                   |  1- 3 |  4- 6 |  7- 9 || total
-------------------------+-------+-------+-------++-------
Melee: Hand axe          |       |    19 |       ||    19
       Morningstar       |       |    11 |       ||    11
       Mace              |       |    17 |     8 ||    25
       War axe           |       |     9 |       ||     9
 Cast: Sting             |    72 |   158 |    14 ||   244
       Mephitic Cloud    |       |     3 |       ||     3
       Olgreb's Toxic Ra |       |     1 |       ||     1
       Poisonous Vapours |       |       |     1 ||     1
Invok: Divine Protection |       |       |     1 ||     1
       Lesser Healing    |       |       |     1 ||     1
 Abil: Dig               |       |     2 |     1 ||     3
  Use: Scroll            |       |     8 |       ||     8
 Stab: Sleeping          |       |     1 |       ||     1
  Eat: Chunk             |     5 |    10 |     1 ||    16
       Royal jelly       |       |     2 |       ||     2
       Fruit             |       |     2 |       ||     2
Armor: Robe              |    16 |    17 |     4 ||    37
Dodge: Dodged            |    24 |    70 |    14 ||   108

Table legend:
 A = Turns spent in this place as a percentage of turns spent in the entire game.
 B = Non-inter-level travel turns spent in this place as a percentage of non-inter-level travel turns spent in the entire game.
 C = Inter-level travel turns spent in this place as a percentage of turns spent in this place.
 D = Turns resting spent in this place as a percentage of non-inter-level travel turns spent in this place.
 E = Turns spent auto-exploring this place as a percentage of non-inter-level travel turns spent in this place.
 F = Non-inter-level travel turns spent in this place divided by the number of levels of this place that you've seen.
                   A       B       C       D       E      F
               +-------+-------+-------+-------+-------+----------------------
         Total | 100.0 | 100.0 |   1.1 |   6.8 |   9.1 | 252.7
       Dungeon |  97.7 |  97.7 |   1.0 |   6.9 |   7.5 | 288.2
        Temple |   2.3 |   2.3 |   4.8 |   0.0 |  77.5 |  40.0
               +-------+-------+-------+-------+-------+----------------------

Table legend:
 A = Kills in this place as a percentage of kills in entire the game.
 B = Kills by you in this place as a percentage of kills by you in the entire game.
 C = Kills by friends in this place as a percentage of kills by friends in the entire game.
 D = Other kills in this place as a percentage of other kills in the entire game.
 E = Experience gained in this place as a percentage of experience gained in the entire game.
 F = Experience gained in this place divided by the number of levels of this place that you have seen.
                   A       B       C       D       E      F
               +-------+-------+-------+-------+-------+----------------------
         Total | 100.0 | 100.0 |  -nan |  -nan | 100.0 |  91.0
       Dungeon | 100.0 | 100.0 |  -nan |  -nan | 100.0 | 106.2
               +-------+-------+-------+-------+-------+----------------------
